Map: Terrasses de Prion

Players

zidar - Winner!

  • Race: Zerg Zerg
  • League: Silver
  • Spawn Location: 5:00

Ghigolus

  • Race: Protoss Protoss
  • League: Bronze
  • Spawn Location: 11:00

VOD

Have the link to the VOD?

Description

Time

  • Played on: Jan. 2, 2016, 12:29 p.m.
  • Length: 15:44
Show
View Real Time Build Order
Export as new Build Order

zidar Zerg - Winner!

Build Orders: Hatch First, Lurkers 

Get SALT Encoding   

  12  0:01  Drone  
  13  0:12  Overlord  
  13  0:17  Drone  
  14  0:30  Drone  
  14  0:31  Drone  
  14  0:35  Drone  
  17  0:54  Hatchery  
  16  0:58  Drone  
  17  1:16  Spawning Pool  
  17  1:17  Drone  
  17  1:37  Extractor, Drone  
  17  1:38  Overlord  
  17  1:39  Drone  
  18  2:05  Hatchery, Drone  
  18  2:06  Drone  
  19  2:18  Queen  
  21  2:23  Drone  
  22  2:32  Queen  
  24  2:39  Drone  
  25  2:45  Drone  
  25  2:46  Drone x2  
  28  3:09  Drone x5  
  33  3:19  Queen  
  32  3:21  Queen  
  36  3:35  Queen  
  38  3:45  Drone x4  
  42  3:54  Overlord x3  
  42  4:18  Lair  
  42  4:24  Evolution Chamber  
  42  4:31  Roach Warren  
  40  4:42  Drone x3  
  40  4:43  Drone x13  
  56  4:47  Overlord x2  
  56  5:00  Extractor  
  56  5:05  Extractor  
  56  5:06  Extractor  
  53  5:11  Evolution Chamber  
  52  5:28  Extractor  
  51  5:31  Extractor  
  50  5:40  Zerg Ground Armor Level 1, Zerg Melee Weapons Level 1  
  50  5:47  Hydralisk Den  
  49  5:58  Drone  
  50  6:19  Roach x12  
  50  6:24  Overlord x3  
  50  6:25  Overlord x2  
  74  6:28  Lurker Den  
  74  6:52  Overlord x2  
  74  6:53  Overlord  
  74  7:08  Hatchery  
  73  7:15  Hydralisk  
  73  7:16  Hydralisk x10  
  73  7:18  Roach x8  
  111  7:34  Zerg Ground Armor Level 2, Zerg Melee Weapons Level 2  
  111  7:45  Infestation Pit  
  111  7:46  Drone x4  
  111  7:51  Overlord  
  114  8:05  Drone x5  
  119  8:09  Ravager x4  
  119  8:10  Ravager  
  119  8:11  Ravager  
  125  8:14  Lurker x2  
  105  9:07  Roach  
  105  9:08  Roach x10, Hydralisk  
  105  9:09  Hydralisk x5  
  139  9:10  Roach  
  139  9:11  Roach  
  143  9:17  Overlord x2  
  143  9:18  Overlord  
  143  9:22  Hive  
  143  9:46  Hydralisk  
  143  9:47  Hydralisk x7  
  143  9:50  Overseer  
  143  9:52  Overseer  
  159  9:53  Overseer  
  159  9:56  Pneumatized Carapace  
  159  10:04  Lurker  
  159  10:05  Lurker x2  
  163  10:28  Drone  
  163  10:36  Muscular Augments  
  163  10:38  Zerg Ground Armor Level 3  
  163  10:43  Zerg Melee Weapons Level 3  
  163  11:15  Ultralisk Cavern  
  162  11:33  Drone  
  163  12:03  Chitinous Plating  
  163  12:06  Overlord x2  
  163  12:07  Overlord x2  
  163  12:12  Hatchery  
  162  12:48  Ultralisk x2  
  162  12:49  Ultralisk x4  
  198  12:51  Zergling x2  
  198  12:52  Zergling x2  
  200  12:59  Metabolic Boost  
  200  13:15  Zerg Missile Weapons Level 1  
  200  13:29  Hatchery  
  87  14:29  Ultralisk  
  87  14:30  Ultralisk x3  
  87  14:31  Ultralisk x3  
  129  14:32  Ultralisk  
  129  14:33  Zergling x2  
  129  14:34  Zergling x46  
  129  14:35  Zergling x2  
  129  14:37  Hydralisk  
  129  14:38  Hydralisk x2  
Show
View Real Time Build Order
Export as new Build Order

Ghigolus Protoss 

Build Orders: 1 Gate Expand 

Get SALT Encoding   

  12  0:01  Probe (Chrono Boost)  
  13  0:12  Probe (Chrono Boost)  
  14  0:22  Probe (Chrono Boost)  
  14  0:27  Pylon  
  15  0:53  Gateway  
  15  0:57  Probe (Chrono Boost)  
  15  1:00  Assimilator  
  16  1:11  Probe (Chrono Boost)  
  17  1:15  Assimilator  
  17  1:28  Probe (Chrono Boost)  
  18  1:36  Nexus  
  18  1:45  Cybernetics Core  
  18  1:50  Zealot  
  20  1:58  Probe (Chrono Boost)  
  21  2:21  Warp Gate (Chrono Boost)  
  21  2:24  Probe  
  22  2:35  Pylon  
  22  2:36  Probe  
  23  2:37  Pylon  
  23  2:47  Probe, Adept  
  23  2:48  Probe  
  27  3:00  Probe  
  28  3:08  Probe  
  29  3:13  Mothership Core  
  29  3:18  Probe  
  32  3:29  Probe  
  33  3:34  Probe  
  33  3:40  Probe  
  34  3:42  Gateway x2  
  34  3:44  Gateway  
  34  3:46  Probe  
  36  3:49  Pylon  
  36  3:50  Probe  
  37  3:58  Probe  
  38  4:14  Probe  
  38  4:15  Probe  
  40  4:17  Assimilator  
  40  4:22  Assimilator  
  40  4:24  Probe  
  40  4:26  Pylon  
  40  4:27  Probe  
  41  4:44  Robotics Facility  
  41  4:53  Adept  
  41  4:57  Adept  
  41  4:58  Adept x2  
  49  5:07  Probe, Pylon  
  49  5:09  Probe  
  49  5:10  Pylon  
  51  5:18  Probe  
  51  5:21  Probe  
  53  5:28  Gateway, Probe  
  53  5:30  Gateway  
  53  5:31  Adept  
  53  5:32  Gateway  
  53  5:33  Probe  
  53  5:34  Gateway  
  53  5:35  Observer  
  58  5:40  Probe  
  59  5:45  Probe  
  59  5:49  Stalker  
  62  5:51  Probe, Stalker  
  65  5:59  Immortal  
  69  6:10  Stalker  
  69  6:11  Stalker  
  73  6:13  Adept  
  75  6:18  Forge  
  75  6:40  Pylon  
  75  6:45  Immortal  
  79  6:47  Pylon  
  79  7:06  Protoss Ground Weapons Level 1 (Chrono Boost)  
  79  7:11  Robotics Facility  
  79  7:13  Robotics Facility  
  79  7:17  Stargate  
  79  7:19  Stalker  
  79  7:20  Stalker x2  
  79  7:21  Stalker x2, Twilight Council  
  89  7:33  Immortal  
  93  7:57  Stalker x2  
  97  7:58  Stalker  
  99  8:51  Immortal  
  99  8:52  Immortal  
  77  9:04  Immortal  
  81  9:10  Stalker x3  
  81  9:11  Stalker x4  
  95  9:21  Nexus  
  95  9:30  Immortal  
  99  9:34  Protoss Ground Weapons Level 2 (Chrono Boost)  
  99  9:46  Pylon  
  99  9:47  Pylon  
  99  9:48  Pylon  
  99  9:49  Probe x2  
  99  9:50  Pylon  
  99  9:52  Pylon  
  101  10:01  Probe  
  101  10:04  Immortal x2  
  110  10:09  Probe  
  110  10:13  Probe  
  112  10:21  Probe  
  113  10:33  Immortal  
  117  10:44  Immortal x2  
  125  10:52  Robotics Bay  
  125  11:03  Probe  
  125  11:05  Probe x2  
  125  11:06  Assimilator  
  125  11:10  Assimilator  
  128  11:14  Probe  
  129  11:28  Stalker x6  
  129  11:29  Stalker  
  143  11:35  Probe  
  143  11:37  Probe  
  145  11:50  Disruptor  
  145  11:52  Disruptor x2  
  154  12:26  Disruptor  
  156  12:50  Nexus  
  156  12:52  Gravitic Boosters  
  156  13:09  Pylon  
  156  13:11  Pylon  
  156  13:13  Pylon  
  156  13:14  Pylon  
  156  13:26  Disruptor x2  
  159  13:29  Immortal  
  146  14:03  Immortal x2  
  146  14:08  Observer  
  75  14:30  Observer, Probe x2  
  76  14:32  Probe x2  
  76  14:34  Stalker x5  
  76  14:35  Stalker x2  
  94  14:40  Probe x2  
  94  14:42  Observer, Immortal  
  94  14:44  Probe x2  
  103  14:50  Gateway  
  103  14:51  Immortal  
  103  14:52  Gateway  
  107  14:55  Gateway  
  107  14:57  Gateway  
  107  14:58  Stalker x2  
  107  14:59  Gateway, Stalker x5  
  111  15:30  Nexus  
Tags
 
Add a new tag
Caveats
  • Supply blocks, unpowered buildings, or Contaminate may cause inaccurate times.
  • Supply counts are checked every 10 seconds.